 Dungeon Crawl Stone Soup version 0.31-a0-1074-g0b22e4e0f1 (webtiles) character file.

Game seed: 13021624461882312505

64 backslashecho the Grasshopper (level 4, -6/34 HPs)
             Began as a Human Warper on Dec 4, 2023.
             Mangled by Terence
             ... wielding a +3 flail
              (9 damage)
             ... on level 2 of the Dungeon.
             The game lasted 00:02:39 (1194 turns).

backslashecho the Grasshopper (Human Warper)        Turns: 1194, Time: 00:02:39

Health: -6/34      AC:  5    Str: 13    XL:     4   Next: 32%
Magic:  7/7        EV: 10    Int: 20    God:
Gold:   90         SH:  0    Dex: 12    Spells: 5/7 levels left

rFire   . . .        a - +0 hand axe
rCold   . . .        (no shield)
rNeg    + . .        l - +0 ring mail
rPois   .            (no helmet)
rElec   .            (no cloak)
rCorr   .            (no gloves)
SInv    .            (no boots)
Will    .....        (no amulet)
Stlth   +            k - ring of positive energy
HPRegen 0.25/turn    i - +6 ring of intelligence
MPRegen 0.10/turn

%: no passive effects
@: no status effects
A: no striking features
a: no special abilities


You were on level 2 of the Dungeon.
You visited 1 branch of the dungeon, and saw 2 of its levels.

You collected 90 gold pieces.

Inventory:

Hand Weapons
 a - a +0 hand axe (weapon)
Missiles
 d - 5 darts of dispersal (quivered)
Armour
 l - a +0 ring mail (worn)
Jewellery
 b - a +6 ring of dexterity
 i - a +6 ring of intelligence (right hand)
 k - a ring of positive energy (left hand)
Scrolls
 c - a scroll of blinking
 e - a scroll of identify {unknown}
 f - 2 scrolls of amnesia {unknown}
 h - a scroll of poison {unknown}
 j - a scroll of revelation {unknown}
Potions
 g - a potion of lignification {unknown}


   Skills:
 + Level 2.5 Fighting
 * Level 3.0 Axes
 + Level 1.7 Throwing
 + Level 1.7 Armour
 - Level 2.0 Dodging
 - Level 1.0 Unarmed Combat
 - Level 2.0 Spellcasting
 - Level 3.0 Translocations


You had 5 spell levels left.
You knew the following spells:

 Your Spells              Type           Power      Damage    Failure   Level
b - Blink                 Tloc           28%        N/A       14%         2

Your spell library contained the following spells:

 Spells                   Type           Power      Damage    Failure   Level
 Lesser Beckoning         Tloc           28%        N/A       14%         2
 Teleport Other           Tloc           14%        N/A       28%         3
 Manifold Assault         Tloc           14%        N/A       67%         4
 Vhi's Electric Charge    Tloc/Air       16%        N/A       87%         4


Dungeon Overview and Level Annotations

Branches:
Dungeon (2/15)

Altars:

Annotations:
D:2 Terence


Message History

Terence is moderately wounded.
Terence hits you with a +3 flail.
You take 6 damage, and have 28/34 hp.
You hit Terence but do no damage. You punch Terence, but do no damage.
Terence is moderately wounded.
Terence closely misses you.
You hit Terence but do no damage.
Terence is moderately wounded.
Terence barely misses you. Terence closely misses you.
You hit Terence.
Terence is heavily wounded.
Terence hits you with a +3 flail.
You take 2 damage, and have 26/34 hp.
You hit Terence but do no damage.
Terence is heavily wounded.
Terence closely misses you.
You hit Terence but do no damage.
Terence is heavily wounded.
Terence closely misses you.
You hit Terence but do no damage.
Terence is heavily wounded.
Terence hits you with a +3 flail!
You take 8 damage, and have 18/34 hp.
MASSIVE DAMAGE!!
You hit Terence but do no damage.
Terence is heavily wounded.
Terence misses you. Terence closely misses you.
You hit Terence but do no damage.
Terence is heavily wounded.
Terence hits you with a +3 flail!
* * * LOW HITPOINT WARNING * * *
You take 8 damage, and have 10/34 hp.
MASSIVE DAMAGE!!
You closely miss Terence.
Terence is heavily wounded.
Terence hits you with a +3 flail!
* * * LOW HITPOINT WARNING * * *
You take 8 damage, and have 2/34 hp.
MASSIVE DAMAGE!!
Throw: 7 darts (disperse)
Press: ? - help, Q - select action, (/) - cycle Shift-Dir - straight line, f - Terence
Aim: Terence, wielding a +3 flail and wearing a +0 scale mail (heavily wounded, 58% to hit)
You throw a dart of dispersal.
The dart of dispersal closely misses Terence.
Terence barely misses you.
Throw: 6 darts (disperse)
Press: ? - help, Q - select action, (/) - cycle Shift-Dir - straight line, f/p - Terence
Aim: Terence, wielding a +3 flail and wearing a +0 scale mail (heavily wounded, 58% to hit)
You throw a dart of dispersal.
The dart of dispersal barely misses Terence.
Terence hits you with a +3 flail!
You die...
Terence says, "Rest in peace."

####..##..# #.#
#..##).###.#
#..........#
#..........#
#####..###.#
#..# #.# #..#
#.# ...#
#.##############
##.##
#...@@.........#
#.
##########.###.#
.# @. .. .# #


You could see Terence.

Vanquished Creatures
  2 adders (D:2)
  4 dart slugs
  6 endoplasms
  A giant cockroach (D:1)
  3 goblins
  2 hobgoblins
  4 jackals (D:2)
  A quokka (D:1)
  3 ball pythons (D:1)
  3 bats (D:1)
  6 frilled lizards
  2 kobolds
  3 rats
40 creatures vanquished.

Notes
Turn   | Place    | Note
-------+----------+-------------------------------------------
     0 | D:1      | backslashecho the Human Warper began the quest for the Orb.
     0 | D:1      | Reached XP level 1. HP: 16/16 MP: 3/3
    98 | D:1      | Reached XP level 2. HP: 18/22 MP: 5/5
   433 | D:1      | Reached XP level 3. HP: 27/27 MP: 6/6
   536 | D:1      | Reached skill level 1 in Unarmed Combat
   841 | D:2      | Learned a level 2 spell: Blink
   941 | D:2      | Reached XP level 4. HP: 30/34 MP: 7/7
  1175 | D:2      | Noticed Terence
  1194 | D:2      | Mangled by Terence

Illustrated notes

Levels and vault maps discovered:
D:1:      co_arrival_square_in_a_square_in_a_square, layout_basic
D:2:      layout_loops_ring, basic_altar, uniq_terence, uniq_jessica

Skill      XL: |  1  2  3  4 |
---------------+-------------+-----
Unarmed Combat | 1 |  1.0
Axes           | 3 |  3.0
Fighting       | |  2.5
Throwing       | |  1.7
Armour         | |  1.7
Dodging        | |  2.0
Spellcasting   | |  2.0
Translocations | |  3.0

Action                     |  1- 3 |  4- 6 || total
---------------------------+-------+-------++-------
  Melee: Hand axe          |   104 |    39 ||   143
         Punch             |     2 |     1 ||     3
  Throw: Dart              |       |     2 ||     2
   Stab: Sleeping          |     1 |       ||     1
 Armour: Leather armour    |    73 |       ||    73
         Ring mail         |     3 |    26 ||    29
  Dodge: Dodged            |    70 |    25 ||    95

Table legend: (Time is in decaauts)
 A = Elapsed time spent in this place.
 B = Non-inter-level travel time spent in this place.
 C = Inter-level travel time spent in this place.
 D = Time resting spent in this place.
 E = Time spent auto-exploring this place.
 F = Levels seen in this place.
 G = Mean time per level.
                   A        B        C        D        E       F      G
               +--------+--------+--------+--------+--------+-----+--------+
         Total |   1219 |   1130 |     89 |      0 |    762 |   2 |  609.5 |
       Dungeon |   1219 |   1130 |     89 |      0 |    762 |   2 |  609.5 |
               +--------+--------+--------+--------+--------+-----+--------+

Top non-repeatable levels by time:
     D:1: 875 daAuts
     D:2: 344 daAuts
